 Dungeon Crawl Stone Soup version 0.30-a0-1018-g25214051b3 (webtiles) character file.

Game seed: 12338662768419095248

170 cheesebisquit the Conjurer (level 5, -3/46 HPs)
             Began as a Draconian Conjurer on Apr 7, 2023.
             Was an Initiate of Yredelemnul.
             Slain by a scorpion (7 damage)
             ... on level 4 of the Dungeon.
             The game lasted 00:12:38 (4559 turns).

cheesebisquit the Conjurer (Draconian Conjurer)     Turns: 4559, Time: 00:12:38

Health: -3/46      AC:  5    Str:  9    XL:     5   Next: 26%
Magic:  9/9        EV: 12    Int: 20    God:    Yredelemnul [......]
Gold:   173        SH:  0    Dex: 10    Spells: 9/10 levels left

rFire   . . .      SeeInvis .    e - +0 morningstar
rCold   . . .      Faith    .    (no shield)
rNeg    . . .      Spirit   .    (body armour unavailable)
rPois   .          Reflect  .    (helmet restricted)
rElec   .          Rampage  .    (no cloak)
rCorr   .                        (no gloves)
Will    .....                    (no boots)
Stlth   ++                       (no amulet)
HPRegen 0.27/turn                (no ring)
MPRegen 0.11/turn                (no ring)

@: brilliant
A: AC +5, unfitting armour, cold-blooded
a: Renounce Religion, Recall Undead Harvest


You were on level 4 of the Dungeon.
You worshipped Yredelemnul.
Yredelemnul was noncommittal.
You visited 1 branch of the dungeon, and saw 4 of its levels.

You collected 173 gold pieces.

Inventory:

Hand Weapons
 e - a +0 morningstar (weapon)
Missiles
 i - 10 poisoned darts
Wands
 m - a wand of acid (9)
 o - a wand of digging (3)
Scrolls
 c - 2 scrolls of magic mapping
 g - a scroll of fog {unknown}
 h - 5 scrolls of enchant armour
 k - a scroll of noise {unknown}
 l - a scroll of poison {unknown}
 r - a scroll of vulnerability {unknown}
 s - a scroll of teleportation {unknown}
 t - a scroll of brand weapon {unknown}
Potions
 d - a potion of flight
 n - a potion of attraction
 q - a potion of mutation


   Skills:
 * Level 3.9 Fighting
 + Level 2.1 Maces & Flails
 - Level 1.7 Dodging
 - Level 1.7 Stealth
 + Level 3.0 Spellcasting
 - Level 4.0 Conjurations


You had 9 spell levels left.
You knew the following spells:

 Your Spells              Type           Power      Damage    Failure   Level
a - Magic Dart            Conj           100%       1d8       2%          1

Your spell library contained the following spells:

 Spells                   Type           Power      Damage    Failure   Level
 Searing Ray              Conj           56%        2d6       4%          2
 Sandblast                Erth           8%         2d5       14%         1
 Dazzling Flash           Conj/Hex       32%        N/A       19%         3
 Stone Arrow              Conj/Erth      32%        3d9       19%         3
 Passwall                 Tmut/Erth      3%         N/A       22%         2
 Fulminant Prism          Conj/Hex       8%         3d7       52%         4
 Iskenderun's Mystic Bla  Conj/Tloc      16%        2d5       52%         4


Dungeon Overview and Level Annotations

Branches:
Dungeon (4/15)
 Temple: D:4-7

Altars:
Makhleb
Qazlal
Sif Muna
Xom
Yredelemnul
Zin

Shops:
D:2 *


Innate Abilities, Weirdness & Mutations

Your plain brown scales are hard. (AC +5)
You cannot fit into any form of body armour.
You are cold-blooded and may be slowed by cold attacks.


Message History

You feel a surge of power!
The magic dart hits the scorpion.
The scorpion is moderately wounded.
The scorpion barely misses you.
The gnoll hits you from afar with a +0 spear.
The gnoll hits you from afar with a +0 spear!
Your gnoll zombie barely misses the gnoll.
Your gnoll zombie completely misses the gnoll.
Your gnoll zombie hits the gnoll but does no damage.
The scorpion stings you.
You are poisoned.
The scorpion poisons you!
You open the door.
You feel very sick. The gnoll barely misses you.
The scorpion closely misses you.
Your gnoll zombie hits the gnoll.
You feel sick.
Your gnoll zombie barely misses the gnoll.
There is an open door here.
Okay, then.
You feel sick.
Okay, then.
You feel sick. The scorpion attacks as you move away! The scorpion misses you.
Found 12 gold pieces.
You feel sick. The scorpion closely misses you.
Found a stormy altar of Qazlal.
Found an escape hatch in the floor.
You feel sick.
You feel sick.
You feel sick.
You feel sick.
You are no longer poisoned.
The scorpion attacks as you move away! The scorpion misses you.
The scorpion completely misses you. The scorpion attacks as you move away!
The scorpion stings you.
* * * LOW HITPOINT WARNING * * *
The scorpion attacks as you move away!
The scorpion stings you but does no damage.
Okay, then.
The scorpion stings you!
You die...
Your body rises from the dead as a mindless zombie.

************ *,,,,,,,,,,*
*,**,***#,,* *,*#.* #.,*
*,*#.####..#########
*,*#.)......@s.....#
*,*#.......###...#.#
*,,,......**#......####*****
****#.###**
##.$.......,,,,** *
####.##### ##........,,,,,*
* #....<...#
##g.......,,,,,* *
#.##.###.# #.g..≈.§≈≈~~,,,*
* #.##.###.#
#..≈≈≈≈§≈≈~~~,,* *
#........# ##.§§§§§≈≈§~~~,,*


You could see a scorpion.

Vanquished Creatures
  A crimson imp (D:3)
  An adder (D:1)
  2 worms (D:2)
  4 dart slugs
  2 orcs (D:3)
  2 endoplasms
  2 giant cockroaches (D:1)
  4 hobgoblins
  9 kobolds
  5 ball pythons
  7 bats
  4 frilled lizards
  7 goblins
  5 rats
55 creatures vanquished.

Vanquished Creatures (collateral kills)
  Ijyb (D:3)
  2 gnolls (D:4)
  An adder (D:2)
  An endoplasm (D:2)
  A frilled lizard (D:2)
  A kobold (D:2)
  A rat (D:1)
8 creatures vanquished.

Vanquished Creatures (others)
  2 bat zombies
  A ball python zombie (D:1)
  An endoplasm zombie (D:2)
  A hobgoblin zombie (D:2)
  A jackal zombie (D:1)
  2 kobold zombies
  A rat zombie (D:3)
  A plant (D:1)
  7 withered plants (D:1)
17 creatures vanquished.

Grand Total: 80 creatures vanquished

Notes
Turn   | Place    | Note
-------+----------+-------------------------------------------
     0 | D:1      | cheesebisquit the Draconian Conjurer began the quest for
                  | the Orb.
     0 | D:1      | Reached XP level 1. HP: 14/14 MP: 3/3
   200 | D:1      | Reached skill level 1 in Fighting
   306 | D:1      | Found a faded altar of an unknown god.
   355 | D:1      | Prayed at the altar of an unknown god.
   355 | D:1      | Became a worshipper of Yredelemnul the Dark
   355 | D:1      | Reached * piety under Yredelemnul
   458 | D:1      | Reached XP level 2. HP: 20/23 MP: 0/5
  1484 | D:2      | Reached skill level 1 in Maces & Flails
  1484 | D:2      | Reached XP level 3. HP: 11/29 MP: 0/6
  2013 | D:2      | Reached ** piety under Yredelemnul
  2154 | D:2      | Found Vustyu's Assorted Antiques.
  2591 | D:3      | Found a glowing silver altar of Zin.
  2614 | D:3      | Noticed Ijyb
  2631 | D:3      | Killed Ijyb
  2632 | D:3      | Reached XP level 4. HP: 32/38 MP: 1/8
  3082 | D:3      | Found a burning altar of Makhleb.
  3096 | D:3      | Reached XP level 5. HP: 42/45 MP: 0/9
  3096 | D:3      | Found a shimmering altar of Xom.
  3377 | D:3      | Found a shimmering blue altar of Sif Muna.
  3766 | D:3      | Found a glowing silver altar of Zin.
  3881 | D:3      | Found a burning altar of Makhleb.
  3882 | D:3      | Found a shimmering altar of Xom.
  4082 | D:3      | Found a shimmering blue altar of Sif Muna.
  4550 | D:4      | Found a stormy altar of Qazlal.
  4555 | D:4      | HP: 2/46 [scorpion (3)]
  4559 | D:4      | Slain by a scorpion

Illustrated notes

Levels and vault maps discovered:
D:1:      minmay_arrival_doors, layout_basic,
          shapermc_ecumenical_altar_flowoftime
D:2:      layout_loops_ring, serial_shops, nicolae_diamond_shop
D:3:      layout_loops_corners, grunt_temple_overflow_champion_of_chaos,
          mainiacjoe_overflow_concentric_impassable,
          mainiacjoe_overflow_24_doors, uniq_ijyb
D:4:      minmay_chambers_of_fours, layout_loops_corners,
          nicolae_qazlal_general_emergency,
          nicolae_concentric_dashed_squares_wild

Skill      XL: |  1  2  3  4  5 |
---------------+----------------+-----
Fighting       | 1 2 3 |  3.9
Maces & Flails | 1 2 |  2.1
Spellcasting   | 3 |  3.0
Dodging        | |  1.7
Stealth        | |  1.7
Conjurations   | |  4.0

Action                     |  1- 3 |  4- 6 || total
---------------------------+-------+-------++-------
  Melee: Morningstar       |    52 |     7 ||    59
         Tailslap          |     6 |     2 ||     8
         Club              |     1 |       ||     1
         Punch             |     1 |       ||     1
   Cast: Magic Dart        |    86 |    53 ||   139
 Invoke: Recall Undead Har |       |     1 ||     1
    Use: Potion            |     1 |     7 ||     8
         Scroll            |       |     7 ||     7
 Armour: Skin              |    21 |     9 ||    30
  Dodge: Dodged            |    49 |    37 ||    86

Table legend: (Time is in decaauts)
 A = Elapsed time spent in this place.
 B = Non-inter-level travel time spent in this place.
 C = Inter-level travel time spent in this place.
 D = Time resting spent in this place.
 E = Time spent auto-exploring this place.
 F = Levels seen in this place.
 G = Mean time per level.
                   A        B        C        D        E       F      G
               +--------+--------+--------+--------+--------+-----+--------+
         Total |   4588 |   4475 |    113 |    183 |   3762 |   4 | 1147.0 |
       Dungeon |   4588 |   4475 |    113 |    183 |   3762 |   4 | 1147.0 |
               +--------+--------+--------+--------+--------+-----+--------+

Top non-repeatable levels by time:
     D:3: 1941 daAuts
     D:1: 1487 daAuts
     D:2: 992 daAuts
     D:4: 166 daAuts
